Get step-by-step instructions on how to execute this build order below. Start the game timer, and the build order will tick by so you can play in parallel with StarCraft on a second screen or mobile device.

Game Time

  0:00

Last Step

  N/A

Next Step

Upcoming Step



Don't want to look back and forth between 2 screens? Try out our Overwolf App, the Spawning Tool Build Advisor to get an in-game overlay with this build!

Complete Build Order

  12  0:00  Probe  
  13  0:16  Pylon  
  13  0:17  Probe (Chrono Boost)  
  15  0:28  Probe (Chrono Boost)  
  15  0:33  Probe (Chrono Boost)  
  16  0:42  Gateway  
  16  0:43  Probe  
  16  0:48  Assimilator  
  17  0:55  Probe  
  18  1:07  Probe  
  19  1:20  Probe  
  20  1:30  Nexus  
  20  1:36  Cybernetics Core  
  20  1:39  Probe  
  21  1:45  Pylon  
  21  1:51  Probe  
  22  2:03  Probe  
  23  2:10  Adept (Chrono Boost)  
  23  2:11  Probe  
  23  2:12  Warp Gate  
  26  2:18  Assimilator  
  26  2:19  Probe  
  26  2:29  Probe  
  27  2:33  Adept  
  30  2:42  Probe (Chrono Boost)  
  32  2:44  Twilight Council  
  32  2:47  Probe (Chrono Boost)  
  33  2:51  Probe (Chrono Boost)  
  33  2:55  Probe (Chrono Boost)  
  33  2:56  Probe (Chrono Boost)  
  35  2:58  Gateway  
  35  3:02  Gateway  
  37  3:08  Stalker  
  37  3:09  Probe  
  37  3:10  Probe  
  39  3:19  Pylon  
  39  3:21  Probe  
  39  3:22  Probe  
  39  3:24  Resonating Glaives (Chrono Boost)  
  41  3:33  Probe  
  42  3:34  Probe  
  42  3:38  Pylon  
  43  3:45  Probe  
  43  3:46  Probe  
  45  3:53  Pylon  
  45  3:58  Probe x2  
  45  4:00  Adept x2  
  45  4:01  Adept  
  53  4:05  Nexus  
  53  4:10  Pylon  
  53  4:15  Assimilator  
  55  4:18  Assimilator  
  55  4:22  Adept x2  
  55  4:23  Adept  
  59  4:25  Probe x2  
  61  4:37  Probe x2  
  63  4:39  Dark Shrine  
  63  4:50  Probe x2  
  65  4:55  Robotics Facility  
  65  5:02  Forge, Probe (Chrono Boost)  
  65  5:05  Probe (Chrono Boost)  
  67  5:10  Shield Battery  
  67  5:14  Gateway, Probe (Chrono Boost)  
  69  5:15  Shield Battery  
  69  5:19  Probe (Chrono Boost)  
  69  5:20  Probe (Chrono Boost)  
  71  5:22  Probe (Chrono Boost)  
  71  5:24  Stalker x2  
  71  5:26  Stalker  
  71  5:27  Probe (Chrono Boost)  
  79  5:29  Probe (Chrono Boost)  
  79  5:33  Probe  
  79  5:35  Probe  
  81  5:38  Probe  
  83  5:43  Observer  
  83  5:44  Pylon  
  83  5:47  Gateway  
  83  5:48  Gateway, Probe x2  
  85  5:50  Probe  
  85  5:52  Dark Templar  
  82  6:04  Stalker x2